 Dungeon Crawl Stone Soup version 0.19-a0 (webtiles) character file.

148 esc the Shield-Bearer (level 5, -1/42 HPs)
             Began as a Formicid Fighter on Apr 27, 2016.
             Slain by an iguana (4 damage)
             ... on level 4 of the Dungeon.
             The game lasted 00:22:22 (2549 turns).

esc the Shield-Bearer (Formicid Fighter)            Turns: 2549, Time: 00:22:22

Health: -1/42      AC:  5    Str: 20    XL:     5   Next: 56%
Magic:  5/5        EV:  9    Int:  8    God:
Gold:   154        SH: 10    Dex: 11    Spells: 0 memorised, 4 levels left

rFire  . . .     SeeInvis +     a - +0 long sword
rCold  . . .     Gourm    .     l - +0 ring mail
rNeg   . . .     Faith    .     c - +1 shield
rPois  .         Spirit   .     (helmet unavailable)
rElec  .         Dismiss  .     (no cloak)
rCorr  .         Reflect  .     (no gloves)
SustAt .         Harm     .     (no boots)
MR     .....                    (no amulet)
Stlth  +.........               (no ring)
                                (no ring)

@: not resistant to hostile enchantments, very unstealthy
A: permanent stasis, dig shafts and tunnels, four strong arms, antennae 3,
deterioration 1
a: Dig, Shaft Self


You were on level 4 of the Dungeon.
You were not hungry.

You visited 1 branch of the dungeon, and saw 4 of its levels.

You collected 154 gold pieces.

Inventory:

Hand Weapons
 a - a +0 long sword (weapon)
Missiles
 e - 16 poisoned needles
 g - 17 stones (quivered)
 i - 3 silver javelins
 k - 6 curare-tipped needles
Armour
 b - a +0 scale mail
 c - a +1 shield (worn)
 l - a +0 ring mail (worn)
   (You found it on level 2 of the Dungeon)
Potions
 d - a potion of might
 h - a potion of berserk rage {!q}
 j - 2 potions of agility
Comestibles
 f - 5 bread rations {@e1}
 m - 2 chunks of flesh {@w0}
 n - a beef jerky


   Skills:
 + Level 4.1 Fighting
 + Level 2.9 Long Blades
 + Level 4.1 Armour
 + Level 1.5 Dodging
 + Level 4.4 Shields


You had 4 spell levels left.
You didn't know any spells.

Dungeon Overview and Level Annotations

Branches:
Dungeon (4/15)
 Temple: D:4-7

Altars:
Nemelex Xobeh
Vehumet


Innate Abilities, Weirdness & Mutations

You are under a permanent stasis effect.
You can dig through walls and to a lower floor.
Your four strong arms can wield two-handed weapons with a shield.
You have a pair of large antennae on your head (SInv).
Your body sometimes deteriorates upon taking damage.


Message History

There is a stone staircase leading up here.
A phantom comes into view.
Search for what [Enter for "armo", or ? for help]? sword Search for what [Enter for "sword", or ? for help]? long
Aim: a phantom You throw a stone.
The stone completely misses the phantom.
You hit the phantom but do no damage. The phantom barely misses you.
You hit the phantom. The phantom completely misses you.
You hit the phantom. You block the phantom's attack. x2
You hit the phantom but do no damage.
The phantom blinks!
No target in view!
No target in view!
No target in view!
No target in view!
No target in view!
No target in view!
No target in view!
No target in view!
No target in view!
No target in view!
No target in view!
No target in view!
No target in view!
No target in view!
No target in view!
No target in view!
Aim: a phantom (lightly damaged)
You throw a stone.
The stone completely misses the phantom.
You hit the phantom.
The phantom hits you but does no damage.
You barely miss the phantom. The phantom barely misses you.
The phantom hits you but does no damage.
You slash the phantom! You block the phantom's attack.
You hit the phantom but do no damage.
The phantom blinks!
You barely miss the phantom. You block the phantom's attack.
The phantom hits you!
The phantom blinks!
You take 8 damage, and have 34/42 hp.
The phantom barely misses you.
You slash the phantom!
The phantom blinks!
You barely miss the phantom. The phantom hits you.
You take 3 damage, and have 32/42 hp.
Your shield prevents you from hitting the phantom.
The phantom barely misses you. You block the phantom's attack.
You hit the phantom. You block the phantom's attack.
You hit the phantom but do no damage. The phantom barely misses you.
You miss the phantom. The phantom hits you.
You take 1 damage, and have 31/42 hp.
You barely miss the phantom. The phantom barely misses you.
You block the phantom's attack.
Some of the chunks of flesh in your inventory have rotted away.
You closely miss the phantom. You block the phantom's attack.
Your shield and ring mail prevent you from hitting the phantom.
The phantom barely misses you.
You barely miss the phantom. The phantom hits you.
You take 1 damage, and have 31/42 hp.
You slash the phantom! You block the phantom's attack. The phantom hits you.
The phantom blinks!
You take 3 damage, and have 28/42 hp.
The phantom blinks!
No target in view!
No target in view!
No target in view!
No target in view!
No target in view!
No target in view!
No target in view!
No target in view!
No target in view!
No target in view!
No target in view!
No target in view!
No target in view!
No target in view!
No target in view!
No target in view!
No target in view!
No target in view!
No target in view!
You sense a monster nearby.
An iguana comes into view.
The iguana hisses angrily.
You block the iguana's attack.
You slash the iguana! The iguana barely misses you.
You hit the iguana but do no damage. The iguana bites you.
You take 6 damage, and have 24/42 hp.
You hit the iguana. You block the iguana's attack. The iguana bites you.
You take 4 damage, and have 20/42 hp.
You completely miss the iguana.
The phantom blinks!
The iguana bites you!
* * * LOW HITPOINT WARNING * * *
You are too injured to fight recklessly!
You are too injured to fight recklessly!
You take 13 damage, and have 7/42 hp.
MASSIVE DAMAGE!!
You barely miss the iguana. The iguana bites you.
* * * LOW HITPOINT WARNING * * *
You take 4 damage, and have 3/42 hp.
You hit the iguana. You block the iguana's attack. The iguana bites you.
You die...

..... #.##.### # $
....######......#....
... ......(........#
## #######.W.....##
##...##.###
####.####..#....#
.(...........(#..#
.#....##..##..##.#
..?...l@.####..#..#
##....#### ..# ..
#... ..# ### #.. .#


You could see a phantom and an iguana.

Vanquished Creatures
  A worker ant (D:3)
  6 adders
  An ooze (D:1)
  2 worms
  4 dart slugs
  2 giant geckos (D:2)
  3 giant cockroaches
  6 goblins
  4 hobgoblins
  3 jackals (D:3)
  6 kobolds
  A quokka (D:2)
  A ball python (D:2)
  2 bats
  4 giant newts
  9 rats
55 creatures vanquished.

Notes
Turn   | Place    | Note
--------------------------------------------------------------
     0 | D:1      | esc the Formicid Fighter began the quest for the Orb.
     0 | D:1      | Reached XP level 1. HP: 18/18 MP: 1/1
   128 | D:1      | Reached XP level 2. HP: 23/24 MP: 2/2
   412 | D:1      | Reached XP level 3. HP: 22/29 MP: 3/3
   497 | D:1      | Reached skill level 1 in Dodging
   593 | D:2      | Gained mutation: You are clumsy. (Dex -2) [potion of mutation]
   593 | D:2      | Lost mutation: You are clumsy. (Dex -2) [potion of mutation]
   593 | D:2      | Gained mutation: Your body sometimes deteriorates upon taking damage. [potion of mutation]
   858 | D:2      | Reached XP level 4. HP: 28/37 MP: 4/4
  1063 | D:2      | Reached skill level 4 in Shields
  1786 | D:3      | Found a radiant altar of Vehumet.
  1787 | D:3      | Found a sparkling altar of Nemelex Xobeh.
  1796 | D:3      | Reached skill level 4 in Fighting
  1910 | D:3      | Reached XP level 5. HP: 24/42 MP: 5/5
  2002 | D:3      | Reached skill level 4 in Armour
  2504 | D:4      | Noticed a phantom
  2547 | D:4      | HP: 7/42 [iguana (13)]
  2548 | D:4      | HP: 3/42 [iguana (5)]
  2549 | D:4      | Slain by an iguana

Vault maps used:
D:1:      matt_arrival_grand_opening, hangedman_decor_slide_cut
D:2:      st_stairs_6
D:3:      gammafunk_temple_overflow_pools
D:4:      nicolae_ru_great_annihilating_truth, uniq_sigmund, uniq_edmund

Skill      XL: |  1  2  3  4  5 |
---------------+----------------+-----
Dodging        | 1 |  1.5
Shields        | 4 |  4.4
Fighting       | 4 |  4.1
Armour         | 4 |  4.1
Long Blades    | |  2.9

Action                   |  1- 3 |  4- 6 || total
-------------------------+-------+-------++-------
Melee: Long sword        |    88 |   169 ||   257
Throw: Stone             |       |     5 ||     5
  Use: Scroll            |     4 |     4 ||     8
       Potion            |     1 |       ||     1
  Eat: Chunk             |       |     6 ||     6
Armor: Scale mail        |    29 |       ||    29
       Ring mail         |       |    47 ||    47
Dodge: Dodged            |    26 |    85 ||   111
Block: Shield            |    33 |    95 ||   128

Vault maps used:
D:1:      matt_arrival_grand_opening, hangedman_decor_slide_cut
D:2:      st_stairs_6
D:3:      gammafunk_temple_overflow_pools
D:4:      nicolae_ru_great_annihilating_truth, uniq_sigmund, uniq_edmund

Table legend:
 A = Turns spent in this place as a percentage of turns spent in the entire game.
 B = Non-inter-level travel turns spent in this place as a percentage of non-inter-level travel turns spent in the entire game.
 C = Inter-level travel turns spent in this place as a percentage of turns spent in this place.
 D = Turns resting spent in this place as a percentage of non-inter-level travel turns spent in this place.
 E = Turns spent auto-exploring this place as a percentage of non-inter-level travel turns spent in this place.
 F = Non-inter-level travel turns spent in this place divided by the number of levels of this place that you've seen.
                   A       B       C       D       E      F
               +-------+-------+-------+-------+-------+----------------------
         Total | 100.0 | 100.0 |   0.5 |   0.6 |   7.2 | 267.0
       Dungeon | 100.0 | 100.0 |   0.5 |   0.6 |   7.2 | 267.0
               +-------+-------+-------+-------+-------+----------------------

Table legend:
 A = Kills in this place as a percentage of kills in entire the game.
 B = Kills by you in this place as a percentage of kills by you in the entire game.
 C = Kills by friends in this place as a percentage of kills by friends in the entire game.
 D = Other kills in this place as a percentage of other kills in the entire game.
 E = Experience gained in this place as a percentage of experience gained in the entire game.
 F = Experience gained in this place divided by the number of levels of this place that you have seen.
                   A       B       C       D       E      F
               +-------+-------+-------+-------+-------+----------------------
         Total | 100.0 | 100.0 |  -nan |  -nan | 100.0 |  53.0
       Dungeon | 100.0 | 100.0 |  -nan |  -nan | 100.0 |  53.0
               +-------+-------+-------+-------+-------+----------------------
